 Dungeon Crawl Stone Soup version 0.30-a0-339-g89bb51ec76 (webtiles) character file.

Game seed: 1158591625747924524

349878 jlumianski the End of an Era (level 21, -13/192 HPs)
             Began as a Demonspawn Fighter on Oct 31, 2022.
             Was the Champion of Qazlal.
             Killed by the air
             ... invoked by a titan
              (14 damage)
             ... on level 5 of the Vaults.
             The game lasted 04:49:38 (39684 turns).

jlumianski the End of an Era (Demonspawn Fighter)  Turns: 39684, Time: 04:49:41

Health: -13/192    AC: 20    Str: 28      XL:     21   Next: 26%
Magic:  32/35      EV: 12    Int: 10 (12) God:    Qazlal [******]
Gold:   1113       SH: 29    Dex: 14      Spells: 20/20 levels left

rFire   + + .      SeeInvis .    V - +6 war axe "Xeinel" {spect, rPois}
rCold   . . .      Faith    .    b - +2 tower shield {AC+3}
rNeg    . . .      Spirit   .    (no body armour)
rPois   +          Reflect  .    K - +2 helmet
rElec   .          Harm     .    (cloak unavailable)
rCorr   .          Rampage  +    p - +2 pair of gloves
Will    +....                    B - +2 pair of boots {rampage}
Stlth   +.........               d - amulet of regeneration
HPRegen 8.32/turn                j - +6 ring of strength
MPRegen 0.24/turn                H - ring of protection from fire

@: lethally poisoned (-13 -> -13), marked, protected from physical damage, repel
missiles
A: molten scales 3, foul stench 2, powered by death 3, robust 1, weakness
stinger 3, deformed body, weak 1, subdued magic 2
}: 2/15 runes: decaying, serpentine
a: Renounce Religion, Upheaval, Elemental Force, Disaster Area


You were on level 5 of the Vaults.
You worshipped Qazlal.
Qazlal was exalted by your worship.
You visited 8 branches of the dungeon, and saw 37 of its levels.
You visited the Abyss 3 times.
You also visited: Ice Cave and Wizlab.

You collected 5452 gold pieces.
You spent 4339 gold pieces at shops.

Inventory:

Hand Weapons
 s - the +10 broad axe "Nuxyram" {vorpal, *Noise rElec Str+3 Int+2}
   (You bought it in a shop on level 2 of the Orcish Mines)

   It inflicts extra damage upon your enemies.
   Str:       It affects your strength (+3).
   Int:       It affects your intelligence (+2).
   rElec:     It insulates you from electricity.
   *Noise:    It may make noises in combat.
 w - the +9 sword of Zonguldrok {reap}
   (You found it in a wizard's laboratory)

   Any living foe damaged by it may be reanimated upon death as a zombie
   friendly to the wielder, with an increasing chance as more damage is dealt.
 C - a +8 war axe of flaming
 E - the +3 greatsling "Punk" {acid, rCorr}
   (You found it on level 14 of the Dungeon)

   Any ammunition fired from it is coated in acid, damaging and corroding those
   it strikes.
   rCorr:     It protects you from acid and corrosion.
 V - the +6 war axe "Xeinel" (weapon) {spect, rPois}
   (You found it on level 2 of the Lair of Beasts)

   When its wielder attacks, the weapon's spirit leaps out and strikes again.
   The spirit shares a part of any damage it takes with its wielder.
   rPois:     It protects you from poison.
Missiles
 f - 8 atropa-tipped darts
 o - 2 boomerangs of dispersal
 D - a throwing net
 M - 20 boomerangs (quivered)
Armour
 b - a +2 tower shield of protection (worn)
 p - a +2 pair of gloves (worn)
 B - a +2 pair of boots of rampaging (worn)
 K - a +2 helmet (worn)
 O - a +1 cloak
 P - a +3 plate armour of cold resistance
Jewellery
 d - an amulet of regeneration (around neck)
 j - a +6 ring of strength (left hand)
 q - a ring of protection from cold
 G - a ring of resist corrosion
 H - a ring of protection from fire (right hand)
 W - a +6 ring of strength
 X - a ring of protection from fire
Wands
 n - a wand of paralysis (3)
 r - a wand of digging (3)
 u - a wand of polymorph (6)
 F - a wand of iceblast (22)
 Q - a wand of mindburst (26)
 S - a wand of acid (22)
Scrolls
 c - 4 scrolls of blinking
 i - 9 scrolls of fog
 k - 3 scrolls of silence
 v - 5 scrolls of magic mapping
 A - a scroll of enchant weapon
 I - 14 scrolls of identify
 J - 7 scrolls of fear
 N - 7 scrolls of immolation
 U - 9 scrolls of teleportation
Potions
 a - 5 potions of haste
 e - 5 potions of flight
 g - a potion of brilliance
 h - 24 potions of curing
 l - 2 potions of ambrosia
 m - 3 potions of invisibility
 t - 6 potions of berserk rage
 x - 3 potions of cancellation
 T - 3 potions of heal wounds
 Z - 5 potions of might
Miscellaneous
 y - a tin of tremorstones (1/2)
 z - a condenser vane
 L - a box of beasts
 R - a phantom mirror


   Skills:
 * Level 17.4 Fighting
 + Level 17.4 Axes
 + Level 3.9 Throwing
 + Level 12.3 Armour
 + Level 5.9 Dodging
 - Level 0.8 Stealth
 + Level 15.4 Shields
 * Level 20.6 Invocations
 * Level 15.0 Evocations


You had 20 spell levels left.
You didn't know any spells.
Your spell library contained the following spells:

 Spells                   Type           Power      Damage    Failure   Level
 Apportation              Tloc           0%         N/A       71%         1
 Beastly Appendage        Tmut           0%         N/A       71%         1
 Kiss of Death            Conj/Necr      0%         2d5       71%         1
 Magic Dart               Conj           0%         1d3       71%         1
 Necrotise                Necr           0%         1d4       71%         1
 Shock                    Conj/Air       0%         1d3       71%         1
 Summon Small Mammal      Summ           0%         N/A       71%         1
 Blink                    Tloc           0%         N/A       85%         2
 Call Imp                 Summ           0%         N/A       85%         2
 Cigotuvi's Dreadful Rot  Necr/Pois/Air  0%         N/A       85%         2
 Momentum Strike          Conj/Tloc      0%         3d8       85%         2
 Sublimation of Blood     Necr           0%         N/A       85%         2
 Wereblood                Tmut           0%         N/A       85%         2
 Call Canine Familiar     Summ           0%         N/A       97%         3
 Dazzling Flash           Conj/Hex       0%         N/A       97%         3
 Gell's Gravitas          Tloc           0%         N/A       97%         3
 Hailstorm                Conj/Ice       0%         3d3       97%         3
 Ignite Poison            Fire/Tmut/Pois 0%         N/A       97%         3
 Inner Flame              Hex/Fire       0%         N/A       97%         3
 Kindle Blastsparks       Fire/Tloc/Air  0%         2d10      97%         3
 Lesser Beckoning         Tloc           0%         N/A       97%         3
 Mephitic Cloud           Conj/Pois/Air  0%         N/A       97%         3
 Spider Form              Tmut/Pois      0%         N/A       97%         3
 Summon Guardian Golem    Hex/Summ       0%         N/A       97%         3
 Swiftness                Air            0%         N/A       97%         3
 Teleport Other           Tloc           0%         N/A       97%         3
 Vampiric Draining        Necr           0%         2d6       97%         3
 Airstrike                Air            0%         2d(0-16)  100%        4
 Dispel Undead            Necr           0%         3d6       100%        4
 Flame Wave               Conj/Fire      0%         2d4       100%        4
 Ice Form                 Ice/Tmut       0%         N/A       100%        4
 Leda's Liquefaction      Hex/Erth       0%         N/A       100%        4
 Petrify                  Tmut/Erth      0%         N/A       100%        4
 Sticky Flame             Conj/Fire      0%         2d3       100%        4
 Summon Lightning Spire   Summ/Air       0%         N/A       100%        4
 Agony                    Necr           0%         N/A       100%        5
 Freezing Cloud           Conj/Ice/Air   0%         6-21      100%        5
 Irradiate                Conj/Tmut      0%         3d11      100%        5
 Lee's Rapid Deconstruct  Erth           0%         3d4*      100%        5
 Lightning Bolt           Conj/Air       0%         1d11      100%        5
 Silence                  Hex/Air        0%         N/A       100%        5
 Summon Forest            Summ/Tloc      0%         N/A       100%        5
 Summon Mana Viper        Hex/Summ       0%         N/A       100%        5
 Yara's Violent Unravell  Hex/Tmut       0%         3d3       100%        5
 Death Channel            Necr           0%         N/A       100%        6
 Dispersal                Tloc           0%         N/A       100%        6
 Eringya's Noxious Bog    Tmut/Pois      0%         N/A       100%        6
 Simulacrum               Ice/Necr       0%         N/A       100%        6
 Statue Form              Tmut/Erth      0%         N/A       100%        6
 Summon Cactus Giant      Summ           0%         N/A       100%        6
 Monstrous Menagerie      Summ           0%         N/A       100%        7


Dungeon Overview and Level Annotations

Branches:
Dungeon (15/15)            Temple (1/1) D:4            Lair (5/5) D:11
  Swamp (4/4) Lair:3        Snake (4/4) Lair:3        Slime (0/5) Lair:5
    Orc (2/2) D:9             Elf (0/3) Orc:2        Vaults (4/5) D:14
 Depths (1/4) D:15          IceCv (visited)          WizLab (visited)
  Crypt: Vaults:2-3

Altars:
Ashenzari
Cheibriados
Dithmenos
Fedhas
Gozag
Hepliaklqana
Kikubaaqudgha
Makhleb
Nemelex Xobeh
Okawaru
Qazlal
Ru
Sif Muna
Trog
Uskayaw
Vehumet
Wu Jian
Xom
Yredelemnul
Jiyva

Shops:
D:4 !   D:7 *   D:8 *   D:15 *   Orc:2 ([[*:   Snake:2 ::=   Vaults:4 *

Portals:
Pandemonium: Depths:1
Trove: D:14 (give +3 storm dragon scales)

Annotations:
D:10 2 transporters, CertainDeath's ghost, journeyman AtWr


Innate Abilities, Weirdness & Mutations

You are completely covered in molten scales. (AC +4, rF+)
You sometimes emit foul miasma when damaged in melee.
You regenerate a lot of health from kills.
You are robust. (+10% HP)
You have a sharp stinger which inflicts weakening toxins.
Armour fits poorly on your strangely shaped body.
You are weak. (Str -2)
Your spells are easier to cast, but less powerful.


Message History

The fiery explosion engulfs the stone giant!!
Flame seeps out of the stone giant.
The stone giant is severely wounded.
The orc explodes!
The fiery explosion engulfs the stone giant!!
Flame seeps out of the stone giant.
The stone giant is almost dead.
The fiery explosion engulfs the deep elf high priest!!!
Qazlal accepts your kill.
The fiery explosion engulfs the ironbound convoker!!
Qazlal accepts your kill.
The ironbound convoker explodes!
The fiery explosion engulfs the orc knight!!
Flame seeps out of the orc knight.
The orc knight is heavily wounded.
The deep elf high priest explodes!
You feel sick.
You hear a shout!
The vault warden is no longer moving slowly.
Flame seeps out of the vault warden.
Something touches you!
* * * LOW HITPOINT WARNING * * *
The orc knight is engulfed in blazing flames.
Flame seeps out of the orc knight.
The frost giant is engulfed in blazing flames.
Flame seeps out of the frost giant.
The frost giant gestures at you while chanting.
The bolt of cold hits the Hell Sentinel.
The Hell Sentinel completely resists.
The bolt of cold hits you!!!
* * * LOW HITPOINT WARNING * * *
You hear a sizzling sound!
An orc warrior comes into view. It is wielding a +0 halberd.
A tentacled monstrosity comes into view.
The deep elf sorcerer mumbles some strange words.
The deep elf sorcerer seems to speed up.
A radroach comes into view.
The titan is engulfed in blazing flames.
Flame seeps out of the titan.
The titan waves its arms in wide circles.
The air twists around and strikes you!
You die...

.#.#....#...#.
.#.#.....#.o.X §
.#......#p§D#
#.#...§§§§§○§e
##....§○§§§○#####
....p.§§§C§§§....
....§☼)§§C[.§§...
.....§p{1§§.§.o..
.....C§@1§§o§§.o.
####.C○○§§§.#####
....W○§§§§.....
.....#....#....
###Be#....#......
... #....#.....#
... #....#....##
### #....#


You could see a Hell Sentinel (summoned), a tentacled monstrosity, an iron
dragon, a titan (inner flame, empowered), a frost giant (inner flame,
empowered), a Brimstone Fiend (summoned), a stone giant (inner flame), 3 vault
wardens, a radroach, 2 orc knights, an ettin (inner flame), 2 deep elf
sorcerers, a phantasmal warrior and an orc warrior (strong).

Vanquished Creatures
  Vashnia (Snake:2)
  A bone dragon (Abyss:2)
  Jorgrun (Swamp:1)
  Rupert (Lair:5)
  2 liches (Abyss:2)
  A quicksilver dragon (Vaults:5)
  A titan (Vaults:4)
  2 sphinxes (Vaults:4)
  2 tentacled starspawn (Abyss:2)
  A thorn hunter (Swamp:4)
  A fenstrider witch (Swamp:2)
  7 vault wardens
  2 nagarajas (Snake:4)
  2 balrugs (Abyss:2)
  2 orc warlords
  6 very ugly things
  A reaper (IceCv)
  2 war gargoyles
  15 ironbound preservers
  A vampire knight (D:15)
  6 ironbound thunderhulks
  Azrael (D:13)
  A deep elf annihilator (Vaults:2)
  6 eleionomae
  4 bunyips
  10 dire elephants
  2 ettins
  A crystal guardian (Vaults:2)
  A green death (Abyss:2)
  7 great orbs of eyes
  3 shambling mangroves
  6 yaktaur captains
  An entropy weaver (Vaults:2)
  Fannar (D:12)
  A deep elf high priest (Vaults:5)
  The ghost of Cicosuis the Unseen, a journeyman SpEn of Okawaru (Lair:2)
  13 hydras
  A ghost crab (Swamp:4)
  24 vault guards (Vaults:5)
  2 salamander tyrants
  5 catoblepae
  A peacekeeper (Vaults:2)
  A rakshasa (Abyss:2)
  A spriggan air mage (Depths:1)
  10 ironbound frosthearts
  17 anacondas
  A death knight (D:14)
  19 centaur warriors
  5 two-headed ogres
  7 alligators
  15 naga warriors
  8 boulder beetles
  A tengu warrior (D:15)
  12 naga sharpshooters
  12 death yaks
  5 shock serpents
  A hell hog (Abyss:2)
  2 orc high priests
  2 spriggan berserkers
  3 thrashing horrors (Abyss:2)
  A titan skeleton (Vaults:3)
  2 wretched stars (Abyss:2)
  A sun demon (Abyss:2)
  6 salamander mystics
  A bunyip zombie (Abyss:2)
  8 skeletal warriors
  4 goliath frogs
  6 bog bodies
  47 deep trolls
  A quicksilver dragon simulacrum (Abyss:2)
  2 glowing orange brains
  11 swamp dragons
  9 lindwurms
  A spriggan druid (Swamp:4)
  12 naga ritualists
  12 wizards
  7 orc knights
  Pikel (D:7)
  2 phantasmal warriors
  2 deep elf pyromancers
  11 ironbound convokers
  7 large abominations (Abyss:2)
  3 harpies (Vaults:3)
  31 ugly things
  4 necromancers
  4 orc sorcerers
  A human zombie (Vaults:3)
  12 mana vipers
  3 will-o-the-wisps
  7 cyclopes
  7 manticores
  Maurice (Orc:1)
  3 worldbinders (Abyss:2)
  A centaur zombie (D:15)
  3 elephants
  21 salamanders
  A stone giant skeleton (Vaults:3)
  A black mamba (shapeshifter) (D:15)
  4 guardian serpents
  32 black mambas
  A gargoyle (D:12)
  12 vault sentinels
  26 naga magi
  An orange demon (Abyss:2)
  2 ice statues (IceCv)
  2 torpor snails
  2 centaur skeletons (D:15)
  A hellion (Abyss:2)
  10 cane toads
  2 rime drakes
  An efreet (D:14)
  3 kobold demonologists
  8 komodo dragons
  3 unseen horrors
  4 ancient zymes (Abyss:2)
  A tengu conjurer (D:15)
  2 freezing wraiths
  A komodo dragon (shapeshifter) (Abyss:2)
  A guardian mummy (D:14)
  25 yaktaurs
  A troll (Orc:1)
  2 anaconda simulacra (IceCv)
  7 ice devils
  A bloated husk (Swamp:3)
  3 meliai
  9 tyrant leeches
  7 hornets
  2 polar bears
  15 slime creatures
  33 blink frogs
  An ettin zombie (Vaults:3)
  11 raiju (Abyss:2)
  9 small abominations (Abyss:2)
  Sigmund (D:2)
  3 spriggans
  7 water elementals (D:14)
  4 ynoxinuls (Abyss:2)
  A black mamba zombie (Abyss:2)
  2 shadows
  12 starcursed masses (Abyss:2)
  68 yaks
  A wraith (D:14)
  6 vampires
  3 dire elephant simulacra (IceCv)
  8 basilisks
  3 wyverns
  5 fire elementals
  2 neqoxecs (Abyss:2)
  A death yak simulacrum (IceCv)
  A golden eye (Abyss:2)
  A redback (Vaults:3)
  2 steam dragons
  19 vampire mosquitoes
  A yaktaur simulacrum (Vaults:3)
  2 chaos spawn (Abyss:2)
  2 wargs
  2 two-headed ogre zombies (WizLab)
  3 harpy simulacra (IceCv)
  2 hydra simulacra (IceCv)
  44 nagas
  10 swamp worms
  13 water moccasins
  A hell hound (D:13)
  3 human skeletons (Vaults:3)
  6 swamp drakes
  42 orc warriors
  An ice beast (D:6)
  9 black bears
  A hornet zombie (D:15)
  An elf simulacrum (Vaults:3)
  2 wolves (Lair:5)
  4 ogres
  8 boggarts
  10 centaurs
  2 lemures
  2 phantoms
  18 bullfrogs
  3 kobold brigands
  A scorpion (D:7)
  A gnoll sergeant (D:12)
  A two-headed ogre simulacrum (IceCv)
  A glowing shapeshifter simulacrum (Vaults:3)
  10 wights
  16 killer bees
  9 troll zombies (WizLab)
  3 electric eels (D:14)
  2 hounds
  5 howler monkeys
  6 crimson imps (D:14)
  A jelly (D:6)
  26 orc priests
  A gnoll bouda (Orc:2)
  5 iguanas
  Terence (D:2)
  30 orc wizards
  A polar bear simulacrum (IceCv)
  4 ogre zombies (WizLab)
  11 gnolls
  A naga simulacrum (IceCv)
  6 adders
  4 shadow imps
  5 white imps
  6 ufetubi
  5 worms
  4 dart slugs
  101 orcs
  6 bats
  5 endoplasms
  5 giant cockroaches
  3 goblins
  7 hobgoblins
  11 jackals (D:3)
  26 kobolds
  5 quokkas
  10 ball pythons
  4 frilled lizards
  9 rats
  A bush (Lair:5)
  A fungus (Lair:5)
  A plant (Lair:5)
  4 starspawn tentacles (Abyss:2)
1481 creatures vanquished.

Vanquished Creatures (collateral kills)
  An ancient lich (WizLab)
  A lich (Abyss:2)
  A tentacled starspawn (Abyss:2)
  An ancient champion (WizLab)
  A sphinx (Vaults:1)
  Aizul (Snake:1)
  A vault warden (Vaults:4)
  An ironbound preserver (Vaults:4)
  3 dire elephants (Vaults:1)
  A yaktaur captain (Vaults:2)
  8 hydras
  2 salamander tyrants (Snake:4)
  An anaconda (Snake:2)
  2 naga warriors (Snake:4)
  An orc high priest (Orc:2)
  A death yak (Lair:5)
  A naga sharpshooter (Snake:4)
  A skeletal warrior (WizLab)
  2 deep trolls
  3 glowing orange brains
  A bog body (Swamp:4)
  2 naga ritualists (Snake:4)
  3 ironbound convokers
  3 swamp dragons (Swamp:4)
  An orc knight (Orc:1)
  A mana viper (Snake:4)
  An orc sorcerer (Orc:2)
  A will-o-the-wisp (Swamp:4)
  A manticore (Lair:5)
  A black mamba (Snake:2)
  3 naga magi
  A kobold demonologist (Abyss:2)
  An efreet (Abyss:2)
  4 yaktaurs (Vaults:4)
  2 raiju (Abyss:2)
  6 yaks
  2 nagas
  A swamp drake (Swamp:4)
  2 orc warriors (Orc:2)
  An ogre (Orc:2)
  A centaur (D:13)
  A bullfrog (Lair:1)
  A crimson imp (Abyss:2)
  An orc wizard (Orc:2)
  A gnoll (Orc:2)
  6 orcs (Orc:2)
83 creatures vanquished.

Vanquished Creatures (others)
  An Executioner (Abyss:2)
  An orc high priest (Orc:2)
  A wretched star (Abyss:2)
  A cyclops (D:14)
  An ugly thing (D:13)
  A bloated husk (Swamp:4)
  A small abomination (Abyss:2)
  An orc warrior (Orc:2)
  2 orc wizards (Orc:2)
  An orc (Orc:2)
  29 foxfires
  10 fungi
  A lurking horror (Abyss:2)
  69 plants
  7 starspawn tentacles (Abyss:2)
127 creatures vanquished.

Grand Total: 1691 creatures vanquished

Notes
Turn   | Place    | Note
-------+----------+-------------------------------------------
     0 | D:1      | jlumianski the Demonspawn Fighter began the quest for the
                  | Orb.
     0 | D:1      | Reached XP level 1. HP: 18/18 MP: 1/1
    25 | D:1      | Found Jaebb's General Store.
    81 | D:2      | Gained mutation: You are partially covered in molten
                  | scales. (AC +2) [demonic ancestry]
    81 | D:2      | Reached XP level 2. HP: 19/24 MP: 2/2
   477 | D:1      | Gained mutation: You are mostly covered in molten scales.
                  | (AC +3) [demonic ancestry]
   477 | D:1      | Reached XP level 3. HP: 27/29 MP: 3/3
  1007 | D:2      | Noticed Terence
  1079 | D:2      | Noticed Sigmund
  1121 | D:3      | Found a blossoming altar of Fedhas.
  1122 | D:3      | Found a hazy altar of Hepliaklqana.
  1152 | D:3      | Found an opulent altar of Gozag.
  1215 | D:3      | Reached XP level 4. HP: 31/35 MP: 4/4
  1568 | D:2      | Killed Terence
  1569 | D:2      | Reached skill level 1 in Dodging
  1758 | D:2      | Gained mutation: You may rarely emit foul miasma when
                  | damaged in melee. [demonic ancestry]
  1758 | D:2      | Reached XP level 5. HP: 7/42 MP: 5/5
  1814 | D:2      | Killed Sigmund
  1815 | D:2      | Gained mutation: You are completely covered in molten
                  | scales. (AC +4, rF+) [demonic ancestry]
  1815 | D:2      | Reached XP level 6. HP: 17/48 MP: 6/6
  2302 | D:3      | Found a bloodstained altar of Trog.
  2479 | D:3      | Found a burning altar of Makhleb.
  2740 | D:5      | Entered Level 5 of the Dungeon
  2786 | D:4      | Found an iron altar of Okawaru.
  2894 | D:4      | Found Qomuhous's Distillery.
  2903 | D:4      | Bought a potion of curing for 36 gold pieces
  2903 | D:4      | Bought a potion of berserk rage for 60 gold pieces
  2953 | D:4      | Found a staircase to the Ecumenical Temple.
  2959 | Temple   | Entered the Ecumenical Temple
  2976 | Temple   | Became a worshipper of Qazlal Stormbringer
  3989 | D:5      | Gained mutation: You sometimes emit foul miasma when
                  | damaged in melee. [demonic ancestry]
  3989 | D:5      | Reached XP level 7. HP: 42/54 MP: 7/7
  4128 | D:5      | Found a snail-covered altar of Cheibriados.
  4197 | D:6      | Reached skill level 1 in Invocations
  4278 | D:5      | Reached skill level 1 in Throwing
  4372 | D:5      | Found a sacrificial altar of Ru.
  4495 | D:5      | Found a shimmering blue altar of Sif Muna.
  4497 | D:5      | Found an ornate altar of the Wu Jian Council.
  4644 | D:5      | Reached * piety under Qazlal
  4645 | D:5      | Reached skill level 2 in Invocations
  5433 | D:6      | Reached skill level 5 in Axes
  5652 | D:6      | Reached skill level 3 in Invocations
  5671 | D:6      | Noticed Pikel
  5747 | D:7      | Killed Pikel
  5748 | D:7      | Reached skill level 4 in Invocations
  5748 | D:7      | Gained mutation: You have a small tail. [demonic ancestry]
  5748 | D:7      | Reached XP level 8. HP: 40/61 MP: 9/11
  6008 | D:6      | Found a shimmering altar of Xom.
  6171 | D:7      | Reached skill level 5 in Fighting
  6202 | D:7      | Reached skill level 5 in Invocations
  6313 | D:8      | Gained mutation: You have a tail ending in a sharp stinger.
                  | [demonic ancestry]
  6313 | D:8      | Reached XP level 9. HP: 58/68 MP: 12/12
  6320 | D:7      | Reached skill level 5 in Armour
  6716 | D:7      | Found a shadowy altar of Dithmenos.
  6860 | D:7      | Found Lenteopn's Fire Supplies.
  6867 | D:7      | Reached ** piety under Qazlal
  6876 | D:7      | Reached skill level 6 in Invocations
  7515 | D:8      | Found an ancient bone altar of Kikubaaqudgha.
  7837 | D:8      | Found Myfahitu's Assorted Antiques.
  7862 | D:8      | Bought a scroll of enchant weapon for 120 gold pieces
  7862 | D:8      | Bought a scroll of enchant weapon for 120 gold pieces
  7864 | D:8      | Noticed a two-headed ogre
  7876 | D:8      | Killed a two-headed ogre
  7877 | D:8      | Reached skill level 5 in Shields
  7877 | D:8      | Reached skill level 7 in Invocations
  7877 | D:8      | Reached skill level 1 in Evocations
  7877 | D:8      | Reached XP level 10. HP: 52/76 MP: 15/15
  7996 | D:9      | Noticed a two-headed ogre
  8011 | D:8      | Killed a two-headed ogre
  8520 | D:8      | Reached skill level 8 in Invocations
  8665 | D:9      | Reached *** piety under Qazlal
  8705 | D:10     | Entered Level 10 of the Dungeon
  9158 | D:9      | Noticed an orange demon
  9163 | D:9      | Noticed a smoke demon
  9206 | D:8      | Gained mutation: You regenerate a little health from kills.
                  | [demonic ancestry]
  9206 | D:8      | Reached XP level 11. HP: 75/82 MP: 17/17
  9307 | D:9      | Noticed a two-headed ogre
  9317 | D:9      | Killed a two-headed ogre
  9318 | D:9      | Reached skill level 9 in Invocations
  9426 | D:9      | Found a staircase to the Orcish Mines.
  9486 | D:9      | Reached skill level 10 in Axes
  9863 | D:10     | Noticed CertainDeath's ghost (journeyman AtWr)
  9864 | D:10     | Found a transporter.
  9878 | D:10     | Reached **** piety under Qazlal
  9913 | D:10     | Noticed a two-headed ogre
  9926 | D:10     | Killed a two-headed ogre
 10085 | D:10     | Found a transporter.
 10357 | D:11     | Noticed a two-headed ogre
 10363 | D:11     | Killed a two-headed ogre
 10364 | D:11     | Reached skill level 10 in Invocations
 10448 | D:10     | You fall into a shaft and drop 1 floor!
 10450 | D:11     | Noticed an orc knight
 10450 | D:11     | Noticed an orc knight
 10466 | D:11     | Noticed an orc knight
 10467 | D:11     | Noticed an ice dragon
 10555 | D:10     | Reached skill level 5 in Evocations
 11031 | D:11     | Noticed a death yak
 11040 | D:11     | Noticed a death yak
 11041 | D:11     | Noticed a death yak
 11042 | D:11     | Killed a death yak
 11043 | D:11     | Reached XP level 12. HP: 85/91 MP: 13/19
 11044 | D:11     | Noticed a death yak
 11048 | D:11     | Noticed a death yak
 11050 | D:11     | Noticed a death yak
 11051 | D:11     | Noticed a death yak
 11051 | D:11     | Noticed a death yak
 11123 | D:11     | Killed a death yak
 11126 | D:11     | Killed a death yak
 11127 | D:11     | Killed a death yak
 11130 | D:11     | Killed a death yak
 11634 | D:11     | Found a staircase to the Lair.
 11870 | D:10     | Killed a death yak
 12141 | D:11     | Killed a death yak
 12147 | D:11     | Reached skill level 11 in Invocations
 12389 | D:11     | Killed a death yak
 12683 | D:12     | Identified the ring of Upnuthuo {rElec rPois rN+}
 12712 | D:12     | Identified a scroll of acquirement
 12713 | D:12     | Acquired 994 gold pieces
 12890 | D:7      | Bought a +2 plate armour of fire resistance for 640 gold
                  | pieces
 13163 | D:12     | Noticed Fannar
 13194 | D:12     | Killed Fannar
 13474 | D:12     | Identified the +5 scimitar of the Crawling Thing {protect,
                  | rC- Int+6}
 13628 | D:12     | Found a shimmering altar of Xom.
 13760 | D:14     | Noticed a centaur warrior
 13847 | D:13     | Noticed a boulder beetle
 13873 | D:13     | Killed a boulder beetle
 14038 | D:13     | Noticed a catoblepas
 14070 | D:13     | Killed a catoblepas
 14283 | D:13     | Noticed a four-headed hydra
 14328 | D:13     | Killed a four-headed hydra
 14508 | D:13     | Gained mutation: You regenerate health from kills. [demonic
                  | ancestry]
 14508 | D:13     | Reached XP level 13. HP: 80/98 MP: 21/21
 14559 | D:13     | Noticed Azrael
 14586 | D:13     | Killed Azrael
 14632 | D:13     | Reached skill level 12 in Invocations
 15094 | D:13     | Identified the -2 helmet of the Sun {Str+3}
 15652 | D:14     | Found a shadowy altar of Dithmenos.
 15782 | D:15     | Entered Level 15 of the Dungeon
 16141 | Lair:1   | Entered Level 1 of the Lair of Beasts
 16305 | Orc:1    | Entered Level 1 of the Orcish Mines
 16559 | Orc:2    | Entered Level 2 of the Orcish Mines
 16594 | Orc:2    | Found a staircase to the Elven Halls.
 16595 | Orc:2    | Noticed Maurice
 16642 | Orc:2    | Noticed an orc warlord
 16721 | Orc:1    | Killed Maurice
 16950 | Orc:2    | Found Kousmosk's Armour Emporium.
 17313 | Orc:2    | Reached skill level 13 in Invocations
 17313 | Orc:2    | Reached XP level 14. HP: 106/108 MP: 23/23
 18067 | Orc:1    | Reached ***** piety under Qazlal
 18115 | Orc:1    | Killed an orc warlord
 18674 | Orc:2    | Found Qostiw's General Store.
 18675 | Orc:2    | Found Meplurro's Book Boutique.
 18677 | Orc:2    | Found Zymus's Antique Armour Shop.
 18677 | Orc:2    | Found Gautobe's Antique Weapon Shop.
 18700 | Orc:2    | Bought an encrusted broad axe for 306 gold pieces
 18700 | Orc:2    | Identified the +10 broad axe "Nuxyram" {vorpal, *Noise
                  | rElec Str+3 Int+2} (You bought it in a shop on level 2 of
                  | the Orcish Mines)
 18702 | Orc:2    | Bought a kite shield for 157 gold pieces
 18702 | Orc:2    | Bought a shiny plate armour for 910 gold pieces
 18993 | Lair:2   | Found a frozen archway.
 19038 | IceCv    | Entered an ice cave
 19476 | IceCv    | Noticed a reaper
 19498 | IceCv    | Killed a reaper
 19669 | IceCv    | Found the +4 skin of Zhor {*Englaciate rC+++ SInv}
 20540 | Lair:2   | Reached skill level 10 in Fighting
 20748 | Lair:2   | Found a runed translucent gate.
 20748 | Lair:2   | Found a runed translucent gate.
 20748 | Lair:2   | Found a runed translucent gate.
 20748 | Lair:2   | Noticed Cicosuis's ghost (journeyman SpEn)
 20829 | Lair:2   | Reached skill level 14 in Invocations
 20981 | Lair:2   | Killed Cicosuis's ghost
 21126 | Lair:2   | Identified the +6 war axe "Xeinel" {spect, rPois}
 21393 | Lair:3   | Identified the +6 spear of Imbalance {vorpal, Str+4}
 21595 | Lair:3   | Found a staircase to the Snake Pit.
 21621 | Lair:3   | Found a staircase to the Swamp.
 21884 | Lair:4   | Gained mutation: You regenerate a lot of health from kills.
                  | [demonic ancestry]
 21884 | Lair:4   | Reached XP level 15. HP: 115/115 MP: 25/25
 22342 | Lair:5   | Entered Level 5 of the Lair of Beasts
 22811 | Lair:5   | Noticed Rupert
 23227 | Lair:5   | Reached ****** piety under Qazlal
 23228 | Lair:5   | Killed Rupert
 23480 | Lair:5   | Reached skill level 10 in Evocations
 23654 | Lair:5   | Got the Tractate on Transfiguration
 23981 | Lair:5   | Found a staircase to the Slime Pits.
 23982 | Lair:5   | Found a viscous altar of Jiyva.
 24555 | Snake:1  | Entered Level 1 of the Snake Pit
 24635 | Snake:1  | Reached skill level 15 in Invocations
 24652 | Snake:1  | Reached skill level 10 in Armour
 24672 | Snake:1  | Found an ancient bone altar of Kikubaaqudgha.
 24699 | Snake:1  | Noticed Aizul
 24712 | Snake:1  | Killed Aizul
 25251 | Snake:2  | Reached XP level 16. HP: 107/126 MP: 20/27
 26035 | Snake:2  | Reached skill level 10 in Shields
 26198 | Snake:2  | Noticed Vashnia
 26208 | Snake:2  | Reached skill level 15 in Axes
 26290 | Snake:2  | Killed Vashnia
 26869 | Snake:2  | Found Kivoebenn's Jewellery Boutique.
 26869 | Snake:2  | Found Nyiqiw's Book Emporium.
 26870 | Snake:2  | Found Yfes's Book Emporium.
 26878 | Snake:2  | Bought a ring of resist corrosion for 380 gold pieces
 26992 | Snake:3  | Reached skill level 16 in Invocations
 27256 | Snake:4  | Entered Level 4 of the Snake Pit
 28276 | Snake:4  | Reached XP level 17. HP: 135/135 MP: 13/29
 28806 | Snake:4  | Reached skill level 17 in Invocations
 29110 | Snake:4  | Got a serpentine rune of Zot
 29859 | Snake:2  | Bought an amulet of regeneration for 570 gold pieces
 30078 | Swamp:1  | Entered Level 1 of the Swamp
 30120 | Swamp:1  | Noticed Jorgrun
 30128 | Swamp:1  | Killed Jorgrun
 30226 | Swamp:1  | Identified the +3 dagger of the Tent {freeze, Str+5}
 30599 | Swamp:1  | You fall into a shaft and drop 1 floor!
 30969 | Swamp:4  | Entered Level 4 of the Swamp
 31880 | Swamp:4  | Reached XP level 18. HP: 108/145 MP: 30/30
 31939 | Swamp:4  | Got the Tome of Traumaturgy and Production
 32264 | Swamp:4  | Got a decaying rune of Zot
 32771 | D:15     | Reached skill level 18 in Invocations
 32794 | Abyss:2  | Cast into level 2 of the Abyss (a wizard)
 32919 | Abyss:2  | Paralysed by a great orb of eyes for 3 turns
 32934 | Abyss:2  | Noticed a lich
 32951 | Abyss:2  | Gained mutation: You are weak. (Str -2) [a neqoxec]
 32973 | Abyss:2  | Killed a lich
 33018 | Abyss:2  | Noticed a bone dragon
 33020 | Abyss:2  | Gained mutation: Armour fits poorly on your strangely
                  | shaped body. [a neqoxec]
 33032 | Abyss:2  | Killed a bone dragon
 33033 | Abyss:2  | Noticed a lich
 33044 | Abyss:2  | Killed a lich
 33047 | D:15     | Escaped the Abyss
 33120 | D:15     | Found Gozag's Platinum Reserve.
 33120 | D:15     | Found an opulent altar of Gozag.
 33133 | D:15     | Gained mutation: You have hidden genetic defects. [a
                  | neqoxec]
 33473 | D:15     | Found a staircase to the Depths.
 33565 | Depths:1 | Entered Level 1 of the Depths
 33565 | Depths:1 | Found a one-way gate leading to the halls of Pandemonium.
 33746 | D:14     | Found the +3 greatsling "Punk" {acid, rCorr}
 33812 | D:14     | Found a gate to the Vaults.
 33966 | D:14     | Found a portal to a secret trove of treasure.
 34360 | Vaults:1 | Entered Level 1 of the Vaults
 34380 | Vaults:1 | Paralysed by a great orb of eyes for 3 turns
 34420 | Vaults:1 | Gained mutation: Your spells are a little easier to cast,
                  | but a little less powerful. [hidden defects]
 34455 | Vaults:1 | Reached XP level 19. HP: 152/154 MP: 32/32
 34499 | Vaults:1 | Reached skill level 15 in Fighting
 34907 | Abyss:2  | Cast into level 2 of the Abyss (a wizard)
 34981 | Abyss:2  | Gained mutation: Your spells are easier to cast, but less
                  | powerful. [hidden defects]
 34981 | Abyss:2  | Lost mutation: You have hidden genetic defects. [hidden
                  | defects expressed]
 35080 | Vaults:1 | Escaped the Abyss
 35109 | Vaults:1 | Reached skill level 19 in Invocations
 35307 | Vaults:1 | You fall into a shaft and drop 1 floor!
 35464 | Vaults:2 | Found a magical portal.
 35486 | WizLab   | Entered Zonguldrok's Shrine
 35741 | WizLab   | Noticed an antique lich
 35747 | WizLab   | Killed an antique lich
 35789 | WizLab   | Found the +9 sword of Zonguldrok {reap}
 36891 | Vaults:3 | Gained mutation: You are robust. (+10% HP) [demonic
                  | ancestry]
 36891 | Vaults:3 | Reached XP level 20. HP: 141/180 MP: 33/33
 37617 | Abyss:2  | Cast into level 2 of the Abyss (a wizard)
 37886 | Vaults:4 | Escaped the Abyss
 38081 | Vaults:4 | Reached skill level 20 in Invocations
 38124 | Vaults:4 | Found Saulleg's Assorted Antiques.
 38162 | Vaults:4 | Bought a glowing plate armour for 1040 gold pieces
 38571 | Vaults:3 | Reached skill level 15 in Shields
 38770 | Vaults:4 | Reached skill level 5 in Dodging
 38843 | Vaults:5 | Entered Level 5 of the Vaults
 39184 | Vaults:4 | Gained mutation: You have a sharp stinger which inflicts
                  | weakening toxins. [demonic ancestry]
 39184 | Vaults:4 | Reached XP level 21. HP: 191/191 MP: 35/35
 39533 | Vaults:5 | Noticed a dread lich
 39539 | Vaults:5 | Reached skill level 15 in Evocations
 39617 | Vaults:4 | Paralysed by a sphinx for 4 turns
 39684 | Vaults:5 | HP: 1/192 [frost giant/bolt of cold (48)]
 39684 | Vaults:5 | Killed from afar by a titan

Illustrated notes

Levels and vault maps discovered:
D:1:      ebering_trefoil_3fold, layout_loops_corners, serial_shops,
          nicolae_shop_hallway_plus
D:2:      layout_rooms, minmay_misc_feat_square, feat_on_display, uniq_sigmund,
          uniq_terence
D:3:      layout_loops_ring, overflow_temple_1_default, trog_butcher_becter,
          mainiacjoe_overflow_surrounded_room, gammafunk_temple_overflow_statue,
          minmay_fractal_squares_5
D:4:      layout_layer_cave, okawaru_gym_becter, minmay_temple_entry_hall,
          serial_shops, nicolae_shop_stone
D:5:      layout_loops_ring, nicolae_ru_great_annihilating_truth,
          mainiacjoe_overflow_brackets,
          chequers_temple_overflow_statue_of_worship, serial_glass,
          glass_columns_c, glass_columns_b, glass_columns_c, glass_columns_a,
          glass_columns_b, glass_columns_c, glass_columns_a, glass_columns_b,
          glass_columns_b, glass_columns_a, glass_columns_a, glass_columns_a,
          glass_columns_a, glass_columns_a, nicolae_elevator_lobby_plus
D:6:      layout_basic, lemuel_tele_altar, chequers_serial_rivers_marsh,
          chequers_serial_rivers_small_a, corexii_corridor_pit, uniq_pikel
D:7:      layout_basic, old_standard_altar, kennysheep_mini_moat,
          nicolae_shop_fire_sale [nicolae_sub_dead_trees]
D:8:      layout_basic, tso_oasis_becter, nicolae_kikubaaqudgha_miasma_corner,
          serial_shops, nicolae_shop_trees
D:9:      layout_stronghold, hiddenorc2_lemuel
D:10:     layout_basic, gammafunk_ghost_arena
D:11:     layout_stronghold, dpeg_lair_monsters, minivault_12
D:12:     layout_roguey, xom_confusion_cloud, uniq_fannar
D:13:     minmay_box_of_statues, layout_loops_ring, minmay_misc_feat_cross,
          uniq_azrael
D:14:     layout_basic, skrybe_vaults_entry_preservation,
          grunt_dithmenos_smoke_and_mirrors, nicolae_trove_entry_path_of_doom,
          minmay_nine_imps
D:15:     grunt_enter_depths_magical_seal, layout_cave_pools,
          nicolae_gozag_zags_fifth_avenue
Temple:   nicolae_temple_little_seven
Lair:1:   layout_misc_corridors, minivault_26, beast_lair_carwin_9
Lair:2:   layout_roguey, portal_ice_cave_entry_pillars_1,
          gammafunk_ghost_hydra_chop, nzn_sisyphean_effort
Lair:3:   layout_cave_pods, minmay_swamp_entry_swarm,
          guppyfry_snake_entry_garden, beast_lair_carwin_11
Lair:4:   layout_big_grid, grunt_megastairs_4
Lair:5:   evilmike_catoblepas_cave, layout_gridlike, slime_entry_1,
          minivault_11, kilobyte_rumbling_trees, uniq_rupert
Swamp:1:  layout_basic_swamp, evilmike_swamp_ruin_rubble_1, uniq_jorgrun
Swamp:2:  layout_basic_swamp, nicolae_swamp_some_circles
Swamp:3:  nicolae_swamp_wrong_neighborhood, layout_falls_marsh,
          evilmike_swamp_ruin_house_3
Swamp:4:  swamp_basic_johnstein, layout_basic_swamp, infiniplex_staircase_pool
Snake:1:  layout_basic, basic_altar, uniq_aizul
Snake:2:  layout_basic, minmay_shop_grove, lemuel_fruit_tree,
          serial_bayou_shore_b, uniq_vashnia
Snake:3:  layout_honeycomb
Snake:4:  snake_pit, layout_misc_corridors, grunt_megastairs_1
Orc:1:    layout_caves
Orc:2:    st_orc_congregation, layout_caves, serial_shops, shop,
          minmay_orc_keep, uniq_maurice
Vaults:1: v_misc_29, grunt_vaults_twisty, v_misc_23, grunt_vaults_funnel,
          ontoclasm_vaults_pinch, hangedman_vaults_slice, v_misc_16,
          nicolae_vaults_three_branches, vaults_dpeg_ring,
          layout_vaults_omnigrid
Vaults:2: infiniplex_enter_wizlab_water, hangedman_vaults_corner, st_diamondy,
          v_misc_9, v_misc_26, nicolae_vaults_theta, layout_vaults_big_room
Vaults:3: minmay_crypt_entry_necro_gods, vaults_room_fours,
          dpeg_vaults_monster_box, vaults_room_semicircle,
          hangedman_vaults_impose, grunt_vaults_hallway_short,
          nicolae_vaults_angled_halls, hangedman_vaults_corner_blocks, v_misc_2,
          v_pattern_4, layout_vaults_omnicross, uniq_xtahua
Vaults:4: hangedman_vaults_snaps, hangedman_vaults_pinch, st_cells,
          vaults_mumra_minichess, v_rooms_6, vaults_dpeg_hooks, v_pattern_5,
          hangedman_vaults_river_flow, v_misc_15, layout_vaults_ring,
          serial_shops, nicolae_shop_waterfront
Vaults:5
Depths:1: layout_forbidden_donut, chequers_serial_rivers_room_a, hell_entry,
          pan_entry, minmay_fire_ice_demons, minmay_shoptagon

Skill      XL: |  1  2  3  4  5  6  7  8  9 10 11 12 13 14 15 16 17 18 19 20 21 |
---------------+----------------------------------------------------------------+-----
Axes           | 2 3 4 6 8 9 11 12 13 14 15 16 17 | 17.4
Armour         | 3 4 5 6 7 8 9 10 11 12 | 12.3
Dodging        | 1 2 3 4 5 |  5.9
Shields        | 3 4 5 6 7 8 9 10 11 13 14 15 | 15.4
Fighting       | 4 5 6 7 8 9 10 11 12 13 14 16 17 | 17.4
Invocations    | 4 5 7 8 10 11 13 14 15 16 17 18 19 20 | 20.6
Throwing       | 1 2 3 |  3.9
Evocations     | 1 3 5 6 8 9 10 11 12 13 14 15 | 15.0
Stealth        | |  0.8

Action                   |  1- 3 |  4- 6 |  7- 9 | 10-12 | 13-15 | 16-18 | 19-21 || total
-------------------------+-------+-------+-------+-------+-------+-------+-------++-------
Melee: War axe           |   127 |   183 |   272 |   448 |   673 |   801 |   790 ||  3294
       Tailslap          |       |       |    28 |    74 |   146 |   161 |   192 ||   601
       Whip              |       |       |       |     1 |       |       |       ||     1
       Broad axe         |       |       |       |       |   176 |    74 |       ||   250
Throw: Dart              |       |    14 |    30 |    16 |     2 |       |       ||    62
       Boomerang         |       |       |       |       |    15 |    14 |     5 ||    34
Invok: Elemental Force   |       |       |       |     5 |    10 |    11 |    11 ||    37
       Upheaval          |       |       |       |     2 |       |     4 |     3 ||     9
Evoke: Wand              |       |       |       |     3 |       |     1 |     1 ||     5
       Phantom mirror    |       |       |       |     1 |       |     1 |       ||     2
       Phial of floods   |       |       |       |       |     1 |       |       ||     1
       Tin of tremorston |       |       |       |       |     2 |     4 |     2 ||     8
       Condenser vane    |       |       |       |       |       |     1 |     1 ||     2
       Box of beasts     |       |       |       |       |       |     1 |       ||     1
  Use: Potion            |       |     6 |       |     3 |     1 |     2 |     1 ||    13
       Scroll            |       |     6 |     9 |     8 |     8 |     4 |     4 ||    39
 Stab: Paralysed         |       |       |     1 |     4 |     3 |    10 |    10 ||    28
       Distracted        |       |       |       |     1 |     4 |    12 |     9 ||    26
       Confused          |       |       |       |       |       |     2 |       ||     2
Armor: Scale mail        |    60 |   116 |    63 |       |       |       |       ||   239
       Skin              |       |    18 |       |       |       |       |    84 ||   102
       Plate armour      |       |       |    84 |   284 |   481 |   542 |   224 ||  1615
Dodge: Dodged            |    49 |    96 |    99 |   234 |   330 |   229 |   160 ||  1197
       Repelled          |       |       |       |       |     4 |    26 |     4 ||    34
Block: Buckler           |    34 |    50 |    97 |   240 |   249 |       |       ||   670
       Kite shield       |       |       |       |       |   404 |   470 |       ||   874
       Tower shield      |       |       |       |       |       |   748 |  1006 ||  1754

Table legend: (Time is in decaauts)
 A = Elapsed time spent in this place.
 B = Non-inter-level travel time spent in this place.
 C = Inter-level travel time spent in this place.
 D = Time resting spent in this place.
 E = Time spent auto-exploring this place.
 F = Levels seen in this place.
 G = Mean time per level.
                   A        B        C        D        E       F      G
               +--------+--------+--------+--------+--------+-----+--------+
         Total |  40308 |  37359 |   2949 |   3544 |  18391 |  42 |  959.7 |
       Dungeon |  18151 |  17000 |   1151 |   2090 |   8889 |  15 | 1210.1 |
        Temple |     30 |     30 |      0 |      0 |      0 |   1 |   30.0 |
          Lair |   5536 |   4579 |    957 |      0 |   2875 |   5 | 1107.2 |
         Swamp |   2663 |   2561 |    102 |     11 |   1321 |   4 |  665.8 |
     Snake Pit |   5045 |   4474 |    571 |    264 |   2312 |   4 | 1261.2 |
  Orcish Mines |   2461 |   2435 |     26 |    642 |    658 |   2 | 1230.5 |
        Vaults |   4529 |   4390 |    139 |    247 |   2175 |   5 |  905.8 |
        Depths |     11 |     11 |      0 |      0 |      0 |   1 |   11.0 |
         Abyss |    775 |    775 |      0 |      0 |     81 |   3 |  258.3 |
      Ice Cave |    758 |    758 |      0 |    290 |     73 |   1 |  758.0 |
        Wizlab |    345 |    345 |      0 |      0 |      5 |   1 |  345.0 |
               +--------+--------+--------+--------+--------+-----+--------+

Top non-repeatable levels by time:
    D:11: 2002 daAuts
     D:7: 1573 daAuts
    D:13: 1527 daAuts
Vaults:1: 1494 daAuts
  Lair:3: 1418 daAuts
    D:14: 1393 daAuts
 Snake:1: 1370 daAuts
     D:9: 1340 daAuts
 Snake:4: 1328 daAuts
     D:8: 1323 daAuts
Vaults:4: 1299 daAuts
   Orc:2: 1292 daAuts
     D:4: 1277 daAuts
 Snake:2: 1215 daAuts
    D:12: 1182 daAuts
